 Dungeon Crawl Stone Soup version 0.29-a0-911-g88e6f02907 (webtiles) character file.

Game seed: 12386794067596831342

123 zeratav the Stinger (level 5, -7/31 HPs)
             Began as an Octopode Venom Mage on July 26, 2022.
             Killed by divine providence
             ... invoked by an orc priest
              (13 damage)
             ... on level 4 of the Dungeon.
             The game lasted 00:05:13 (3758 turns).

zeratav the Stinger (Octopode Venom Mage)           Turns: 3758, Time: 00:05:13

Health: -7/31      AC:  1    Str:  7    XL:     5   Next: 7%
Magic:  7/8        EV: 13    Int: 19    God:
Gold:   93         SH:  0    Dex: 13    Spells: 5/8 levels left

rFire   . . .      SeeInvis .   s - +0 dagger (drain) {short}
rCold   . . .      Faith    .   (no shield)
rNeg    . . .      Spirit   .   (helmet restricted)
rPois   .          Reflect  .   (no amulet)
rElec   .          Harm     .   q - ring of willpower
rCorr   .          Rampage  .   (no ring)
Will    +....                   (no ring)
Stlth   ++++......              (no ring)
HPRegen 0.10/turn               (no ring)
MPRegen 0.11/turn               (no ring)
                                (no ring)
                                (no ring)

@: no status effects
A: almost no armour, amphibious, 8 rings, camouflage 1, gelatinous body 1,
(nimble swimmer 1), tentacles
a: no special abilities


You were on level 4 of the Dungeon.
You visited 1 branch of the dungeon, and saw 4 of its levels.

You collected 93 gold pieces.


Innate Abilities, Weirdness & Mutations

You cannot wear most types of armour.
You are amphibious.
You can wear up to eight rings at the same time.
Your skin changes colour to match your surroundings (Stealth+).
Your rubbery body absorbs attacks. (AC +1, EV +1)
((You are camouflaged when in or above water. (Stealth+)))
You have tentacles for arms and can constrict up to eight enemies at once.


   Skills:
 - Level 2.0 Dodging
 - Level 5.0 Stealth
 - Level 2.0 Spellcasting
 - Level 1.0 Transmutations
 + Level 5.7 Poison Magic


You had 5 spell levels left.
You knew the following spells:

 Your Spells              Type           Power      Damage    Failure   Level
a - Sting                 Tmut/Pois      56%        1d5       4%          1
b - Poisonous Vapours     Pois/Air       24%        N/A       8%          2

Your spell library contained the following spells:

 Spells                   Type           Power      Damage    Failure   Level
 Olgreb's Toxic Radiance  Pois           23%        N/A       16%         4
 Magic Dart               Conj           4%         1d3       17%         1
 Necrotise                Necr           4%         1d4       17%         1
 Slow                     Hex            4%         N/A       17%         1
 Mephitic Cloud           Conj/Pois/Air  9%         N/A       24%         3
 Call Imp                 Summ           1%         N/A       26%         2
 Confusing Touch          Hex            1%         N/A       45%         3
 Gell's Gravitas          Tloc           1%         N/A       45%         3
 Teleport Other           Tloc           1%         N/A       45%         3
 Vampiric Draining        Necr           1%         2d6       45%         3
 Agony                    Necr           1%         N/A       99%         5
 Dispersal                Tloc           0%         N/A       100%        6

Inventory:

Hand Weapons
 b - a +0 dagger {short}
   (You took it off a kobold on level 1 of the Dungeon)
 s - a +0 dagger of draining (weapon) {short}
   (You took it off an orc priest on level 3 of the Dungeon)
Armour
 i - a +0 hat
   (You found it on level 2 of the Dungeon)
Jewellery
 n - a ring of ice
   (You found it on level 2 of the Dungeon)
 q - a ring of willpower (left tentacle)
   (You found it on level 3 of the Dungeon)
Scrolls
 d - 2 scrolls of teleportation {unknown}
 e - 2 scrolls of vulnerability {unknown}
 f - a scroll of immolation {unknown}
 h - a scroll of magic mapping {unknown}
 l - a scroll of poison {unknown}
 o - a scroll of noise {unknown}
 p - a scroll of identify {unknown}
 r - a scroll of fear {unknown}
Potions
 a - a potion of magic
 c - a potion of degeneration {unknown}
 g - 2 potions of brilliance {unknown}
 j - 3 potions of might {unknown}
 k - 2 potions of heal wounds {unknown}
 m - 2 potions of haste {@q3}

Dungeon Overview and Level Annotations

Branches:
Dungeon (4/15) Zot: 20243
 Temple: D:4-7

Altars:
Elyvilon
Sif Muna

Shops:
D:1

: #....##..#
#....##..#
#....##.o###... ###
#......oro..... #...
....##o# ... #....
#..#.##...#
#....####.........#
##........B.!.......
..........@..........
###..###.#...........
#. #<...........#
....................
.....###.##.#........
... .........#...
##.##.#.#.#.. #..
...... ..# ..


You could see an orc priest (very drained), a quokka and a giant cockroach.


Message History

No target in view!
No target in view!
No target in view!
Found a white marble altar of Elyvilon.
j - 3 silvery potions (gained 2)
There is a white marble altar of Elyvilon here.
Found a stone staircase leading down.
There is a stone staircase leading down here.
A bat comes into view.
You see here a scroll labelled QILIYL PIUROTE.
The helpless bat fails to defend itself.
You puncture the bat!
You kill the bat!
No target in view!
No target in view!
No target in view!
No target in view!
No target in view!
d - 2 scrolls labelled QILIYL PIUROTE (gained 1) Done exploring.
Done exploring.
Done exploring.
No target in view!
(D) Dungeon
Where to? (Enter - D:3, ? - help)
There is a stone staircase leading down here.
You climb downwards.
There is a stone staircase leading up here.
g - 2 lumpy coppery potions (gained 1)
A hobgoblin comes into view.
A hobgoblin is nearby!
A hobgoblin is nearby!
A hobgoblin is nearby!
An orc priest and an orc come into view.
An orc comes into view. It is wielding a +0 short sword.
A quokka and an orc wizard come into view.
The orc priest shouts!
The orc shouts!
The hobgoblin shouts!
A giant cockroach comes into view.
You closely miss the hobgoblin.
The orc shouts!
You grab the hobgoblin. You constrict the hobgoblin. The hobgoblin misses you.
You hit the hobgoblin. You drain the hobgoblin.
You kill the hobgoblin!
You hit the orc priest but do no damage.
You grab the orc priest.
You constrict the orc priest, but do no damage.
The giant cockroach closely misses you. The orc priest hits you with a +0 mace!
HP[-7]
You take 7 damage, and now have 24/31 hp.
MASSIVE DAMAGE!! (PAUSE)
You hit the orc priest. You drain the orc priest. You constrict the orc priest.
The giant cockroach closely misses you. The orc priest barely misses you.
The giant cockroach closely misses you. The orc hits you with a +0 short sword.
HP[-6]
You take 6 damage, and now have 18/31 hp.
You hit the orc priest. You drain the orc priest.
You constrict the orc priest, but do no damage.
The giant cockroach completely misses you.
The orc priest hits you with a +0 mace.
* * * LOW HITPOINT WARNING * * *
The orc closely misses you.
You are too injured to fight recklessly!
HP[-4]
You take 4 damage, and now have 14/31 hp.
You are too injured to fight recklessly!
You are too injured to fight recklessly!
You are too injured to fight recklessly!
You are too injured to fight recklessly!
You are too injured to fight recklessly!
You are too injured to fight recklessly!
You are too injured to fight recklessly!
You are too injured to fight recklessly!
You are too injured to fight recklessly!
You are too injured to fight recklessly!
You are too injured to fight recklessly!
You are too injured to fight recklessly!
Casting: Sting (safe; 4% risk of failure)
Confirm with . or Enter, or press ? or * to list all spells.
Aiming: Sting (safe; 4% risk of failure)
Press: ? - help, Shift-Dir - straight line, f - orc
Aim: an orc, wielding a +0 short sword and wearing a +0 leather armour (71% to hit)
The sting hits the orc but does no damage.
The orc is poisoned.
You constrict the orc priest, but do no damage.
The giant cockroach misses you. The orc priest hits you with a +0 mace!
* * * LOW HITPOINT WARNING * * *
The orc hits you with a +0 short sword.
* * * LOW HITPOINT WARNING * * *
HP[-9] MP[-1]
You take 9 damage, and now have 5/31 hp.
MASSIVE DAMAGE!! (PAUSE)
You lost 1 mp, and now have 7/8 mp.
You release your grip on the orc priest.
The giant cockroach attacks as you move away!
The giant cockroach closely misses you.
The orc priest looks satisfied for a moment.
The giant cockroach barely misses you.
The orc priest calls down the wrath of Beogh upon you.
Beogh smites you!
You die...

Skill      XL: |  1  2  3  4 |
---------------+-------------+-----
Stealth        | 3 4 5 |  5.0
Poison Magic   | 4 5 |  5.7
Dodging        | |  2.0
Spellcasting   | |  2.0
Transmutations | |  1.0

Action                   |  1- 3 |  4- 6 || total
-------------------------+-------+-------++-------
Melee: Dagger            |    77 |    52 ||   129
       Constrict         |    21 |    12 ||    33
       Tentacles         |    16 |    11 ||    27
       Punch             |     1 |     1 ||     2
 Cast: Sting             |     9 |     6 ||    15
       Poisonous Vapours |       |     3 ||     3
 Stab: Sleeping          |     8 |     7 ||    15
Armor: Skin              |    11 |     1 ||    12
Dodge: Dodged            |    66 |    40 ||   106

Levels and vault maps discovered:
D:1:      ldierk_walled_garden, layout_basic, serial_shops,
          nicolae_shop_temple_entry_statues_fountains
D:2:      minmay_roachtagon, layout_basic, basic_altar, minmay_misc_feat_iff,
          item_on_display_a
D:3:      layout_loops_ring, mainiacjoe_overflow_cross_hatched,
          hellmonk_ecumenical_altar_pennies_from_heaven, minivault_26
D:4:      layout_basic, mainiacjoe_overflow_alcove_4, uniq_sigmund

Notes
Turn   | Place    | Note
-------+----------+-------------------------------------------
     0 | D:1      | zeratav the Octopode Venom Mage began the quest for the
                  | Orb.
     0 | D:1      | Reached XP level 1. HP: 11/11 MP: 3/3
     0 | D:1      | magus.rc [v1.9.6]
   312 | D:1      | Reached skill level 3 in Stealth
   342 | D:1      | Reached XP level 2. HP: 15/17 MP: 5/5
   346 | D:1      | Reached skill level 4 in Poison Magic
   407 | D:1      | You pick up a book of Debilitation and begin reading...
   407 | D:1      | You add the spells Slow, Vampiric Draining and Confusing
                  | Touch to your library.
   463 | D:1      | You add the spells Gell's Gravitas, Teleport Other and
                  | Dispersal to your library.
   628 | D:1      | Found Moxtigaf's Book Emporium.
   732 | D:1      | Reached XP level 3. HP: 15/21 MP: 0/6
   736 | D:1      | Reached skill level 4 in Stealth
   978 | D:1      | Learned a level 2 spell: Poisonous Vapours
  1658 | D:2      | You pick up a book of Minor Magic and begin reading...
  1658 | D:2      | You add the spells Magic Dart and Call Imp to your library.
  1679 | D:2      | Found a shimmering blue altar of Sif Muna.
  2138 | D:2      | Reached XP level 4. HP: 13/27 MP: 5/7
  2413 | D:2      | You pick up a book of Necromancy and begin reading...
  2413 | D:2      | You add the spells Necrotise and Agony to your library.
  2735 | D:3      | Found a faded altar of an unknown god.
  2892 | D:3      | Reached skill level 5 in Poison Magic
  3025 | D:3      | Reached skill level 5 in Stealth
  3186 | D:3      | Reached XP level 5. HP: 22/31 MP: 2/8
  3554 | D:3      | Found a white marble altar of Elyvilon.
  3754 | D:4      | HP: 7/31 [orc priest/+0 mace (7)]
  3758 | D:4      | Killed from afar by an orc priest

Vanquished Creatures
  An orc priest (D:3)
  An adder (D:2)
  A shadow imp (D:3)
  A worm (D:2)
  2 dart slugs (D:1)
  8 orcs (D:3)
  3 endoplasms
  10 giant cockroaches
  6 goblins
  5 hobgoblins
  2 quokkas (D:1)
  A ball python (D:3)
  5 bats
  4 frilled lizards
  5 kobolds
  4 rats
59 creatures vanquished.

Vanquished Creatures (others)
  5 toadstools (D:1)
5 creatures vanquished.

Grand Total: 64 creatures vanquished

Table legend:
 A = Non-vault XP
 B = Vault XP
 C = Vault XP percentage of total XP
 D = Non-vault monster count
 E = Vault monster count
 F = Vault count percentage of total count
                 A         B        C        D         E       F
            +---------+---------+-------+---------+---------+-------
      Total |     163 |      14 |   7.9 |      52 |       7 |  11.9
            +---------+---------+-------+---------+---------+-------
        D:1 |      43 |       0 |   0.0 |      25 |       0 |   0.0
        D:2 |      29 |      14 |  32.6 |       8 |       7 |  46.7
        D:3 |      89 |       0 |   0.0 |      18 |       0 |   0.0
        D:4 |       2 |       0 |   0.0 |       1 |       0 |   0.0
            +---------+---------+-------+---------+---------+-------

Illustrated notes

Table legend:
 A = Kills in this place as a percentage of kills in entire the game.
 B = Kills by you in this place as a percentage of kills by you in the entire game.
 C = Kills by friends in this place as a percentage of kills by friends in the entire game.
 D = Other kills in this place as a percentage of other kills in the entire game.
 E = Experience gained in this place as a percentage of experience gained in the entire game.
 F = Experience gained in this place divided by the number of levels of this place that you have seen.
                   A       B       C       D       E      F
               +-------+-------+-------+-------+-------+----------------------
         Total | 100.0 | 100.0 |   N/A |   N/A | 100.0 |  44.2
       Dungeon | 100.0 | 100.0 |   N/A |   N/A | 100.0 |  44.2
               +-------+-------+-------+-------+-------+----------------------

Table legend: (Time is in decaauts)
 A = Elapsed time spent in this place.
 B = Non-inter-level travel time spent in this place.
 C = Inter-level travel time spent in this place.
 D = Time resting spent in this place.
 E = Time spent auto-exploring this place.
 F = Levels seen in this place.
 G = Mean time per level.
                   A        B        C        D        E       F      G
               +--------+--------+--------+--------+--------+-----+--------+
         Total |   3755 |   3656 |     99 |    399 |   2869 |   4 |  938.8 |
       Dungeon |   3755 |   3656 |     99 |    399 |   2869 |   4 |  938.8 |
               +--------+--------+--------+--------+--------+-----+--------+

Top non-repeatable levels by time:
     D:2: 1379 daAuts
     D:1: 1222 daAuts
     D:3: 1132 daAuts
     D:4: 20 daAuts
